 Dungeon Crawl Stone Soup version 0.31-a0-931-g7b59d4eb97 (webtiles) character file.

Game seed: 8565594362887701978

28 BigDaddyOpFi the Trooper (level 2, -5/24 HPs)
             Began as a Demonspawn Fighter on Oct 19, 2023.
             Slain by a gnoll
             ... wielding a +0 flail
              (6 damage)
             ... on level 2 of the Dungeon.
             The game lasted 00:00:37 (260 turns).

BigDaddyOpFi the Trooper (Demonspawn Fighter)        Turns: 260, Time: 00:00:38

Health: -5/24      AC:  6    Str: 16    XL:     2   Next: 96%
Magic:  2/2        EV:  8    Int:  9    God:
Gold:   8          SH:  4    Dex: 12    Spells: 1/1 levels left

rFire   . . .        a - +0 war axe
rCold   . . .        c - +0 buckler
rNeg    . . .        b - +0 scale mail
rPois   .            (no helmet)
rElec   .            (no cloak)
rCorr   .            (no gloves)
SInv    .            (no boots)
Will    .....        (no amulet) Stlth
                     (no ring)
HPRegen 0.24/turn    (no ring)
MPRegen 0.08/turn

%: no passive effects
@: no status effects
A: demonic guardian 1
a: no special abilities


You were on level 2 of the Dungeon.
You visited 1 branch of the dungeon, and saw 2 of its levels.

You collected 8 gold pieces.

Inventory:

Hand Weapons
 a - a +0 war axe (weapon)
Armour
 b - a +0 scale mail (worn)
 c - a +0 buckler (worn)


   Skills:
 + Level 3.3 Fighting
 + Level 2.1 Axes
 + Level 3.0 Armour
 + Level 3.0 Shields


You had one spell level left.
You didn't know any spells.
Your spell library was empty.

Dungeon Overview and Level Annotations

Branches:
Dungeon (1/15)

Altars:


Innate Abilities, Weirdness & Mutations

A weak demonic guardian rushes to your aid.


Message History

Found an escape hatch in the floor.
No target in view!
A gnoll comes into view. It is wielding a +0 flail.
The gnoll shouts! 2 gnolls and a goblin come into view.
The goblin shouts!
There are monsters nearby!
There are monsters nearby!
The gnoll barely misses you.
There are monsters nearby!
You slash the gnoll!
The gnoll is almost dead.
You closely miss the goblin. The goblin hits you with a +0 dagger.
You block the gnoll's attack. The goblin hits you with a +0 dagger.
You hit the gnoll but do no damage. You completely miss the gnoll.
You hit the goblin. The gnoll hits you with a +0 flail.
The goblin hits you with a +0 dagger. The gnoll hits you but does no damage.
You hit the goblin but do no damage.
The goblin is severely wounded.
You hit the gnoll but do no damage. x2; The gnoll completely misses you.
You block the goblin's attack. The gnoll barely misses you. x2
The gnoll hits you with a +0 club. The gnoll barely misses you.
The goblin hits you with a +0 dagger.
You are too injured to fight recklessly!
Okay, then.
It was a potion of heal wounds.
You feel much better. The gnoll hits you with a +0 flail!
Ouch! That really hurt!
The goblin closely misses you. The gnoll barely misses you.
The gnoll hits you with a +0 club!
* * * LOW HITPOINT WARNING * * *
A demonic guardian appears!
You hit the goblin.
You kill the goblin!
You barely miss the gnoll. You closely miss the gnoll. You hit the gnoll.
You kill the gnoll!
The gnoll hits you with a +0 club.
* * * LOW HITPOINT WARNING * * *
The gnoll hits you with a +0 flail.
You die...

#...............# ##
#.........####### ##.
#.........###### ##.#
+...........>..# ##.#.
###..............###.#.#
...........(.....+.##.#.
##...............#.###)#
#......5.###.....#.# ##.
#.....g@.# .....#.# ##
+.....g))# ....#.# #
#........# ...>#.#
#........# ...#.#
#........# ...#.#####
#........# #......
#........# #......
########## #......
#......


You could see 2 gnolls and a friendly ufetubus (summoned).

Vanquished Creatures
  A gnoll (D:2)
  2 adders (D:2)
  A ball python (D:2)
  A giant cockroach (D:2)
  3 goblins (D:2)
  A kobold (D:2)
  2 bats (D:2)
  A frilled lizard (D:2)
12 creatures vanquished.

Notes
Turn   | Place    | Note
-------+----------+-------------------------------------------
     0 | D:1      | BigDaddyOpFi the Demonspawn Fighter began the quest for the
                  | Orb.
     0 | D:1      | Reached XP level 1. HP: 18/18 MP: 1/1
     4 | D:1      | You fall into a shaft and drop 1 floor!
    59 | D:2      | Gained mutation: A weak demonic guardian rushes to your
                  | aid. [demonic ancestry]
    59 | D:2      | Reached XP level 2. HP: 11/24 MP: 2/2
   260 | D:2      | HP: 1/24 [gnoll/+0 club (3)]
   260 | D:2      | Slain by a gnoll

Illustrated notes

Levels and vault maps discovered:
D:1:      eino_arrival_water_star, layout_rooms,
          hellmonk_ecumenical_altar_lost_god, reono_crystal_passage
D:2:      minmay_inner_zag, layout_basic

Skill      XL: |  1  2 |
---------------+-------+-----
Axes           | 2 |  2.1
Armour         | 3 |  3.0
Shields        | 3 |  3.0
Fighting       | |  3.3

Action                     || total
---------------------------++-------
  Melee: War axe           ||    35
    Use: Potion            ||     2
 Armour: Scale mail        ||    37
  Dodge: Dodged            ||    28
  Block: Buckler           ||    10

Table legend: (Time is in decaauts)
 A = Elapsed time spent in this place.
 B = Non-inter-level travel time spent in this place.
 C = Inter-level travel time spent in this place.
 D = Time resting spent in this place.
 E = Time spent auto-exploring this place.
 F = Levels seen in this place.
 G = Mean time per level.
                   A        B        C        D        E       F      G
               +--------+--------+--------+--------+--------+-----+--------+
         Total |    275 |    275 |      0 |      0 |    184 |   2 |  137.5 |
       Dungeon |    275 |    275 |      0 |      0 |    184 |   2 |  137.5 |
               +--------+--------+--------+--------+--------+-----+--------+

Top non-repeatable levels by time:
     D:2: 271 daAuts
     D:1: 4 daAuts
